Map: Eternal Empire LE

Players

shingan - Winner!

  • Race: Protoss Protoss
  • League: Gold
  • Spawn Location: 7:00

A.I. 1 (Very Easy)

  • Race: Terran Terran
  • Spawn Location: 1:00

VOD

Have the link to the VOD?

Description

Time

  • Played on: May 21, 2020, 6:28 a.m.
  • Length: 6:12
Show
View Real Time Build Order
Export as new Build Order

shingan Protoss - Winner!

Build Orders: 1 Gate Expand, Blink Stalkers 

Get SALT Encoding   

  12  0:01  Probe  
  13  0:13  Probe  
  14  0:19  Pylon  
  14  0:25  Probe (Chrono Boost)  
  15  0:38  Probe (Chrono Boost)  
  16  0:46  Probe (Chrono Boost)  
  16  0:47  Gateway  
  16  0:48  Assimilator  
  17  0:52  Probe  
  18  1:04  Probe (Chrono Boost)  
  19  1:15  Probe (Chrono Boost)  
  20  1:26  Nexus  
  20  1:35  Cybernetics Core  
  20  1:38  Probe  
  21  1:45  Pylon  
  21  1:51  Probe  
  21  1:52  Assimilator  
  22  2:03  Probe  
  23  2:09  Adept (Chrono Boost)  
  23  2:11  Warp Gate  
  25  2:17  Probe  
  26  2:28  Twilight Council  
  26  2:30  Probe  
  26  2:32  Stalker  
  29  2:38  Probe  
  29  2:42  Probe  
  31  2:50  Probe  
  32  2:54  Robotics Facility, Probe  
  33  3:03  Probe  
  34  3:06  Probe  
  35  3:14  Blink (Chrono Boost)  
  35  3:16  Gateway  
  35  3:17  Gateway  
  35  3:24  Probe x2  
  37  3:32  Gateway  
  37  3:36  Probe  
  37  3:37  Probe  
  40  3:41  Observer (Chrono Boost)  
  40  3:48  Probe  
  40  3:49  Probe, Pylon  
  40  3:54  Warp Prism (Chrono Boost)  
  42  3:59  Assimilator  
  44  4:08  Stalker  
  46  4:13  Probe x2  
  46  4:14  Stalker x2  
  52  4:25  Pylon  
  52  4:38  Probe x2  
  52  4:42  Pylon  
  54  4:54  Stalker x4  
  54  4:59  Pylon  
  62  5:00  Probe x2  
  62  5:01  Pylon  
  64  5:13  Probe x2  
  66  5:15  Pylon  
  66  5:18  Stalker x4  
  74  5:30  Probe x2  
  74  5:32  Assimilator  
  76  5:37  Pylon  
  76  5:38  Pylon  
  76  5:43  Stalker x4  
  76  5:46  Probe x2  
  86  5:58  Probe  
  86  5:59  Probe  
Show
View Real Time Build Order
Export as new Build Order

A.I. 1 (Very Easy) Terran 

Build Orders: Reaper Expand 

Get SALT Encoding   

  12  0:00  SCV  
  13  0:13  SCV  
  14  0:19  Supply Depot  
  14  0:42  Barracks  
  14  1:04  Command Center  
  14  1:29  Orbital Command, Marine  
  15  1:33  Supply Depot  
  15  1:39  Refinery  
  15  1:52  Refinery  
  15  1:54  SCV  
  16  2:06  SCV  
  17  2:18  SCV  
  17  2:20  Reaper, SCV  
  20  2:30  SCV  
  20  2:34  SCV  
  22  2:40  Refinery  
  22  2:42  SCV  
  23  2:48  SCV  
  24  2:56  SCV  
  25  3:03  SCV  
  26  3:05  Marine  
  26  3:10  SCV  
  28  3:17  SCV  
  28  3:19  Factory  
  29  3:44  Refinery  
  29  3:46  SCV  
  30  3:51  Marine  
  30  3:53  SCV  
  32  3:59  Supply Depot  
  32  4:00  SCV  
  33  4:03  Starport  
  33  4:07  SCV  
  34  4:10  Barracks Tech Lab  
  34  4:14  SCV  
  35  4:22  SCV  
  36  4:29  SCV  
  37  4:31  Supply Depot  
  37  4:36  SCV  
  37  4:38  Marauder  
  40  4:43  Starport Tech Lab, SCV  
  41  4:50  SCV  
  42  4:57  SCV  
  43  5:01  Raven  
  43  5:05  SCV  
  46  5:08  Hellion  
  46  5:10  Supply Depot  
  46  5:12  SCV  
  49  5:19  SCV  
  45  5:26  SCV  
  41  5:33  SCV  
  32  5:37  Hellion  
  32  5:41  SCV  
  27  5:46  Starport Tech Lab  
  27  5:48  SCV  
Tags
 
Add a new tag
Caveats
  • Supply blocks, unpowered buildings, or Contaminate may cause inaccurate times.
  • Supply counts are checked every 10 seconds.